 Dungeon Crawl Stone Soup version 0.31-a0-1074-g0b22e4e0f1 (webtiles) character file.

Game seed: 10993658070715629061

98 LeprechaunX the Changeling (level 4, -1/29 HPs)
             Began as an Octopode Shapeshifter on Nov 27, 2023.
             Slain by a howler monkey (6 damage)
             ... on level 4 of the Dungeon.
             The game lasted 00:02:59 (2480 turns).

LeprechaunX the Changeling (Octopode Shapeshifter)  Turns: 2480, Time: 00:03:00

Health: -1/29      AC:  1    Str: 13    XL:     4   Next: 69%
Magic:  4/4        EV: 13    Int: 12    God:
Gold:   99         SH:  0    Dex: 13    Spells: 3/3 levels left

rFire   . .          .
                       - Unarmed
rCold   . . .        (no shield)
rNeg    . . .        (helmet currently unavailable)
rPois   .            (no amulet)
rElec   .            (no ring)
rCorr   .            (no ring)
SInv    .            (no ring)
Will    .....        (no ring)
Stlth   ++           (no ring)
HPRegen 0.24/turn    (no ring)
MPRegen 0.09/turn    (no ring)
                     (no ring)

%: no passive effects
@: beast-form
A: beast (slay +2), almost no armour, amphibious, 8 rings, camouflage 1,
gelatinous body 1, (nimble swimmer 1), tentacles
a: Begin Untransformation


You were on level 4 of the Dungeon.
You were a hulking beast.
You visited 1 branch of the dungeon, and saw 4 of its levels.

You collected 119 gold pieces.
You spent 20 gold pieces at shops.

Inventory:

Talismans
 b - a beast talisman
 c - a flux talisman
 o - a blade talisman
Wands
 p - a wand of polymorph (7)
Scrolls
 f - a scroll of butterflies {unknown}
 g - a scroll of immolation {unknown}
 k - 2 scrolls of identify
 l - a scroll of enchant weapon {unknown}
 q - a scroll of fear {unknown}
 r - a scroll of teleportation {unknown}
Potions
 a - a potion of lignification
 d - a potion of resistance {unknown}
 e - a potion of enlightenment {unknown}
 h - a potion of heal wounds {unknown}
 i - a potion of brilliance {unknown}
 j - a potion of magic {unknown}
 m - a potion of cancellation {unknown}
 n - a potion of degeneration {unknown}


   Skills:
 + Level 2.2 Fighting
 - Level 2.0 Dodging
 + Level 3.6 Unarmed Combat
 + Level 0.4 Evocations
 * Level 4.0 Shapeshifting


You had 3 spell levels left.
You didn't know any spells.
Your spell library contained the following spells:

 Spells                   Type           Power      Damage    Failure   Level
 Summon Small Mammal      Summ           0%         N/A       32%         1
 Call Canine Familiar     Summ           0%         N/A       69%         3
 Summon Guardian Golem    Hex/Summ       0%         N/A       69%         3


Dungeon Overview and Level Annotations

Branches:
Dungeon (4/15)
 Temple: D:4-7

Altars:
Dithmenos
Yredelemnul
The Shining One

Shops:
D:2 :=:*


Innate Abilities, Weirdness & Mutations

You are a hulking beast.
Your limbs bulge with bestial killing power. (Slay +2)
You cannot wear most types of armour.
You are amphibious.
You can wear up to eight rings at the same time.
Your skin changes colour to match your surroundings (Stealth+).
Your rubbery body absorbs attacks. (AC +1, EV +1)
((You are camouflaged when in or above water. (Stealth+)))
You have tentacles for arms and can constrict up to eight enemies at once.


Message History

An endoplasm comes into view.
The kobold misses you.
A hobgoblin comes into view.
You closely miss the kobold.
The endoplasm quivers.
You grab the kobold. You squeeze the kobold.
The kobold is severely wounded.
You constrict the kobold, but do no damage.
The hobgoblin throws a javelin.
The javelin pierces through you.
A hound comes into view.
The kobold hits you with a +0 dagger.
The hound barks!
You tentacle-slap the kobold but do no damage.
The kobold is severely wounded.
You constrict the kobold.
You kill the kobold!
Something shouts, "Taste defeat, thou hateful miscreant harpy!"
The endoplasm freezes you.
You are frozen.
The howler monkey hits you.
You tentacle-slap the howler monkey but do no damage.
You grab the howler monkey.
You constrict the howler monkey, but do no damage.
The endoplasm barely misses you.
The howler monkey hoots and howls with incredible vigour!
You hear an angry hiss.
You hear a shout! x2; You hear an angry hiss.
You bludgeon the howler monkey! You squeeze the howler monkey.
The howler monkey is severely wounded.
You constrict the howler monkey. The endoplasm hits you. x2
The howler monkey hits you.
Unknown command.
You release your grip on the howler monkey.
The howler monkey hits you.
* * * LOW HITPOINT WARNING * * *
The endoplasm attacks as it pursues you!
The endoplasm hits you but does no damage.
The hound bites you.
* * * LOW HITPOINT WARNING * * *
The howler monkey hits you.
You die...

.>..... .........
........#.........
..................
....)$...#........
.........#........
......?..#........
..................
........hhJ)...... ##
###.......h.J#..[....
.#
........#.####.......
.## .. [... #.
#...... .†### .# ##
.. ...... ..O.##.#
##. ......
#......#####. ##
..... .............
..... #####........
###......###.


You could see a howler monkey, a hound and 2 endoplasms.

Vanquished Creatures
  2 adders
  A white imp (D:3)
  A worm (D:2)
  2 dart slugs
  5 endoplasms
  5 giant cockroaches
  6 goblins (D:1)
  5 hobgoblins
  2 jackals (D:1)
  7 kobolds
  A quokka (D:1)
  12 ball pythons
  5 bats
  2 frilled lizards
  6 rats
62 creatures vanquished.

Notes
Turn   | Place    | Note
-------+----------+-------------------------------------------
     0 | D:1      | LeprechaunX the Octopode Shapeshifter began the quest for
                  | the Orb.
     0 | D:1      | Reached XP level 1. HP: 13/13 MP: 1/1
   129 | D:1      | Reached XP level 2. HP: 12/18 MP: 2/2
   633 | D:1      | Reached XP level 3. HP: 19/23 MP: 3/3
  1140 | D:2      | Found Anugin's Book Shoppe.
  1156 | D:2      | Found Piem's Jewellery Shoppe.
  1223 | D:2      | Found a glowing golden altar of the Shining One.
  1232 | D:2      | Found a faded altar of an unknown god.
  1349 | D:2      | Found Deih's General Store.
  1357 | D:2      | Bought a scroll of identify for 20 gold pieces
  1394 | D:2      | Reached XP level 4. HP: 19/29 MP: 4/4
  1462 | D:2      | Found Biyk's Book Emporium.
  1739 | D:3      | HP: 1/29 [bat (1)]
  1987 | D:3      | Found a basalt altar of Yredelemnul.
  2016 | D:3      | Found a shadowy altar of Dithmenos.
  2138 | D:4      | Noticed an ogre
  2147 | D:3      | Reached skill level 4 in Shapeshifting
  2480 | D:4      | Slain by a howler monkey

Illustrated notes

Levels and vault maps discovered:
D:1:      lemuel_arrival_room, layout_basic
D:2:      layout_rooms, serial_shops, nicolae_shop_window_shopping,
          nicolae_shop_gaudy_bauble, shop, shop,
          chequers_ecumenical_altar_simple_redux, basic_altar,
          minmay_indecisive_spiral
D:3:      layout_rooms, grunt_dithmenos_smoke, yredelemnul_altar_generic
D:4:      layout_rooms, minmay_temple_entry_large_hall

Skill      XL: |  1  2  3  4 |
---------------+-------------+-----
Fighting       | 2 |  2.2
Shapeshifting  | 4 |  4.0
Dodging        | |  2.0
Unarmed Combat | |  3.6
Evocations     | |  0.4

Action                     |  1- 3 |  4- 6 || total
---------------------------+-------+-------++-------
  Melee: Unarmed           |    83 |    34 ||   117
         Constrict         |    23 |    10 ||    33
         Tentacles         |    15 |    12 ||    27
         Punch             |     1 |       ||     1
   Stab: Sleeping          |     9 |       ||     9
 Armour: Skin              |    31 |    28 ||    59
  Dodge: Dodged            |    42 |    24 ||    66

Table legend: (Time is in decaauts)
 A = Elapsed time spent in this place.
 B = Non-inter-level travel time spent in this place.
 C = Inter-level travel time spent in this place.
 D = Time resting spent in this place.
 E = Time spent auto-exploring this place.
 F = Levels seen in this place.
 G = Mean time per level.
                   A        B        C        D        E       F      G
               +--------+--------+--------+--------+--------+-----+--------+
         Total |   2473 |   2283 |    190 |    227 |   1649 |   4 |  618.2 |
       Dungeon |   2473 |   2283 |    190 |    227 |   1649 |   4 |  618.2 |
               +--------+--------+--------+--------+--------+-----+--------+

Top non-repeatable levels by time:
     D:1: 1135 daAuts
     D:3: 754 daAuts
     D:2: 408 daAuts
     D:4: 175 daAuts
